 Dungeon Crawl Stone Soup version 0.30.0-5-g1a98f26d00 (webtiles) character file.

Game seed: 8905077465506832512

480 booth the Chopper (level 6, 0/46 HPs)
             Began as a Demonspawn Reaver on May 12, 2023.
             Was an Elder of Wu Jian.
             Slain by an ice beast (14 damage)
             ... on level 5 of the Dungeon.
             The game lasted 00:28:18 (4611 turns).

booth the Chopper (Demonspawn Reaver)               Turns: 4611, Time: 00:28:19

Health: 0/46       AC:  7    Str: 12 (14) XL:     6   Next: 86%
Magic:  10/10      EV: 12    Int: 13 (14) God:    Wu Jian [****..]
Gold:   203        SH:  0    Dex: 10 (12) Spells: 8/11 levels left

rFire   . . .        a - +0 hand axe
rCold   . . .        (no shield)
rNeg    . . .        b - +0 leather armour
rPois   .            r - +0 helmet
rElec   .            c - +0 cloak
rCorr   .            (no gloves)
SInv    .            (no boots)
Will    .....        (no amulet)
Stlth   +            v - ring of flight
HPRegen 0.27/turn    (no ring)
MPRegen 0.12/turn

%: no passive effects
@: flying
A: molten scales 1, demonic guardian 1, demonic touch 2
a: Renounce Religion, Wall Jump, Serpent's Lash


You were on level 5 of the Dungeon.
You worshipped Wu Jian.
Wu Jian was greatly pleased with you.
You visited 1 branch of the dungeon, and saw 5 of its levels.

You collected 203 gold pieces.

Inventory:

Hand Weapons
 a - a +0 hand axe (weapon)
 h - a +0 mace
Missiles
 d - 22 poisoned darts (quivered)
Armour
 b - a +0 leather armour (worn)
 c - a +0 cloak (worn)
 r - a +0 helmet (worn)
Jewellery
 v - a ring of flight (left hand)
Scrolls
 g - a scroll of fear
 i - a scroll of magic mapping
 n - a scroll of torment {unknown}
 u - a scroll of teleportation
Potions
 e - a potion of magic
 f - 2 potions of might
 j - a potion of heal wounds
 l - 2 potions of haste
 m - a potion of brilliance
 o - a potion of curing
 p - a potion of berserk rage {unknown}
 q - a potion of invisibility {unknown}


   Skills:
 + Level 2.8 Fighting
 * Level 4.4 Axes
 + Level 1.9 Armour
 + Level 2.7 Dodging
 - Level 0.4 Stealth
 * Level 3.0 Spellcasting
 + Level 3.8 Conjurations
 + Level 1.5 Necromancy
 + Level 1.3 Translocations


You had 8 spell levels left.
You knew the following spells:

 Your Spells              Type           Power      Damage    Failure   Level
a - Kiss of Death         Conj/Necr      36%        2d8       10%         1
b - Momentum Strike       Conj/Tloc      16%        3d8       16%         2

Your spell library contained the following spells:

 Spells                   Type           Power      Damage    Failure   Level
 Necrotise                Necr           24%        1d5       16%         1
 Apportation              Tloc           10%        N/A       17%         1
 Static Discharge         Conj/Air       14%        2-3/arc   21%         2
 Beastly Appendage        Tmut           4%         N/A       28%         1
 Summon Small Mammal      Summ           8%         N/A       28%         1
 Cigotuvi's Dreadful Rot  Necr/Pois/Air  6%         N/A       34%         2
 Hailstorm                Conj/Ice       7%         3d4       36%         3
 Wereblood                Tmut           2%         N/A       41%         2
 Ignite Poison            Fire/Tmut/Pois 2%         N/A       65%         3
 Spider Form              Tmut/Pois      2%         N/A       65%         3
 Airstrike                Air            1%         2d(1-17)  96%         4
 Summon Lightning Spire   Summ/Air       2%         N/A       96%         4
 Freezing Cloud           Conj/Ice/Air   2%         6-21      99%         5


Dungeon Overview and Level Annotations

Branches:
Dungeon (5/15)
 Temple: D:4-7

Altars:
Uskayaw
Wu Jian


Innate Abilities, Weirdness & Mutations

You are partially covered in molten scales. (AC +2)
A weak demonic guardian rushes to your aid.
Your touch may inflict irresistible damage on your foes.


Message History

Found a potion of attraction.
You see here a +0 mace.
You see here a potion of attraction.
You see here a potion of attraction.
Found a stone staircase leading up.
An ice beast comes into view.
Throw: 25 darts (poison)
Press: ? - help, Q - select action, (/) - cycle Shift-Dir - straight line, f - ice beast
Aim: an ice beast (56% to hit)
You throw a poisoned dart.
The poisoned dart closely misses the ice beast.
Throw: 24 darts (poison)
Press: ? - help, Q - select action, (/) - cycle Shift-Dir - straight line, f/p - ice beast
Aim: an ice beast (56% to hit)
You throw a poisoned dart. The poisoned dart hits the ice beast.
The ice beast is poisoned.
Throw: 23 darts (poison)
Press: ? - help, Q - select action, (/) - cycle Shift-Dir - straight line, f/p - ice beast
Aim: an ice beast (lightly wounded, poisoned, 56% to hit)
You throw a poisoned dart.
The poisoned dart closely misses the ice beast.
You lunge at the ice beast.
You completely miss the ice beast. Your touch misses the ice beast.
The ice beast is lightly wounded.
The ice beast closely misses you.
You hit the ice beast but do no damage.
The ice beast is lightly wounded.
The ice beast closely misses you.
You hit the ice beast.
The ice beast is moderately wounded.
The ice beast hits you. The ice beast freezes you!
You barely miss the ice beast.
The ice beast is moderately wounded.
The ice beast hits you but does no damage.
The ice beast attacks as you move away! The ice beast hits you.
The ice beast freezes you!
You spin and attack the ice beast.
You barely miss the ice beast.
The ice beast is moderately wounded.
The ice beast hits you. The ice beast freezes you!
You die...

.... # ######### .## #.. .
......... ...###.# .
..(...<.# #. #..#...#.
..(.....# #. #.......
.....(..# #.## ##...#†#
........######..#
###....#.#
#......Y.###.###...#....#
#..######@........#.....##
# ####..............
#.!....).........
#.##.............
#.##.............
#.###..........## #.#
##...##.....# #..
#####...##.> ... #.#####.


You could see an ice beast (poisoned).

Vanquished Creatures
  A phantom (D:4)
  A hound (D:4)
  A jelly (D:4)
  An iguana (D:4)
  2 orc wizards (D:4)
  7 adders
  6 gnolls (D:4)
  A worm (D:3)
  4 dart slugs
  3 orcs (D:4)
  2 bats
  12 endoplasms
  5 giant cockroaches
  8 goblins
  9 hobgoblins
  6 jackals
  19 kobolds
  3 quokkas
  6 ball pythons
  5 frilled lizards
  8 rats
110 creatures vanquished.

Vanquished Creatures (collateral kills)
  3 adders (D:2)
  An ufetubus (D:4)
  A dart slug (D:4)
  A bat (D:2)
  An endoplasm (D:3)
  A kobold (D:4)
8 creatures vanquished.

Grand Total: 118 creatures vanquished

Notes
Turn   | Place    | Note
-------+----------+-------------------------------------------
     0 | D:1      | booth the Demonspawn Reaver began the quest for the Orb.
     0 | D:1      | Reached XP level 1. HP: 16/16 MP: 3/3
    99 | D:1      | Found a faded altar of an unknown god.
   126 | D:1      | Prayed at the altar of an unknown god.
   126 | D:1      | Became a worshipper of the Wu Jian Council
   126 | D:1      | Reached * piety under Wu Jian
   183 | D:1      | Gained mutation: Your touch may inflict minor irresistible
                  | damage on your foes. [demonic ancestry]
   183 | D:1      | Reached XP level 2. HP: 18/22 MP: 5/5
   204 | D:1      | Reached skill level 3 in Axes
   505 | D:1      | Gained mutation: A weak demonic guardian rushes to your
                  | aid. [demonic ancestry]
   505 | D:1      | Reached XP level 3. HP: 27/27 MP: 6/6
   532 | D:1      | Reached ** piety under Wu Jian
   854 | D:2      | Found a hide-covered altar of Uskayaw.
  1392 | D:2      | Gained mutation: You are partially covered in molten
                  | scales. (AC +2) [demonic ancestry]
  1392 | D:2      | Reached XP level 4. HP: 13/33 MP: 7/7
  1658 | D:2      | Reached skill level 1 in Armour
  2564 | D:3      | Learned a level 2 spell: Momentum Strike
  2780 | D:3      | Reached XP level 5. HP: 23/38 MP: 8/8
  2951 | D:3      | Reached *** piety under Wu Jian
  3274 | D:4      | Reached skill level 4 in Axes
  3656 | D:4      | Noticed a phantom
  3658 | D:4      | Reached skill level 1 in Necromancy
  3658 | D:4      | Gained mutation: Your touch may inflict irresistible damage
                  | on your foes. [demonic ancestry]
  3658 | D:4      | Reached XP level 6. HP: 37/46 MP: 9/9
  3662 | D:4      | Reached skill level 1 in Translocations
  4218 | D:4      | Reached **** piety under Wu Jian
  4488 | D:5      | Entered Level 5 of the Dungeon
  4597 | D:5      | Noticed an ice beast
  4611 | D:5      | Slain by an ice beast

Illustrated notes

Levels and vault maps discovered:
D:1:      minmay_arrival_widening_spiral_wide, layout_loops_ring,
          hellmonk_ecumenical_altar_pennies_from_heaven,
          chequers_decorated_corner, serial_bayou_pond_a,
          grunt_decor_one_mirror, chequers_serial_rivers_micro_c
D:2:      layout_basic, basic_altar
D:3:      layout_loops_cross, minmay_liquid_box, lexackson_kobold_supper
D:4:      layout_cave_pools, minmay_quantized
D:5:      layout_rooms, minmay_temple_entry_overgrown, nrook_uturn,
          serial_bayou_pond_b, uniq_grinder

Skill      XL: |  1  2  3  4  5  6 |
---------------+-------------------+-----
Axes           | 3 4 |  4.4
Dodging        | 2 |  2.7
Armour         | 1 |  1.9
Necromancy     | 1 |  1.5
Translocations | 1 |  1.3
Spellcasting   | 3 |  3.0
Fighting       | |  2.8
Stealth        | |  0.4
Conjurations   | |  3.8

Action                     |  1- 3 |  4- 6 || total
---------------------------+-------+-------++-------
  Melee: Hand axe          |   102 |   272 ||   374
         Touch             |    16 |    44 ||    60
         Punch             |     1 |     3 ||     4
  Throw: Dart              |       |     9 ||     9
Ability: Lunge             |    17 |    34 ||    51
         Whirlwind         |    33 |    52 ||    85
    Use: Scroll            |     3 |     5 ||     8
         Potion            |     2 |     4 ||     6
   Stab: Sleeping          |       |     1 ||     1
 Armour: Leather armour    |    28 |    75 ||   103
  Dodge: Dodged            |    46 |   129 ||   175
